Map: Dusk Towers

Players

MaSa - Winner!

  • Race: Terran Terran

Snute

  • Race: Zerg Zerg

Event: 2016 WCS Winter Circuit Championship

VOD

Have the link to the VOD?

Description

Time

  • Played on: March 4, 2016, 6:20 a.m.
  • Length: 13:33

All games in this series

Show
View Real Time Build Order
Export as new Build Order

MaSa Terran - Winner!

Build Orders: Reaper Expand, Bio Tank 

Get SALT Encoding   

  12  0:00  SCV  
  13  0:12  SCV  
  14  0:17  Supply Depot  
  14  0:24  SCV  
  15  0:38  SCV  
  15  0:40  Barracks  
  16  0:44  Refinery  
  16  0:50  SCV  
  17  1:03  SCV  
  18  1:15  SCV  
  19  1:27  Reaper, Orbital Command  
  20  1:38  Command Center  
  20  1:47  Supply Depot  
  20  1:52  SCV  
  21  1:58  Marine  
  22  2:05  SCV  
  23  2:11  Factory  
  23  2:17  SCV  
  23  2:21  Barracks Reactor  
  24  2:29  SCV  
  25  2:41  SCV, Command Center  
  26  2:49  Refinery  
  26  2:50  Orbital Command  
  26  2:53  SCV  
  27  3:05  Hellion, SCV, Barracks Tech Lab  
  30  3:07  Hellion  
  32  3:17  SCV x2  
  34  3:23  Marine  
  34  3:24  Stimpack  
  35  3:29  SCV  
  35  3:30  Barracks  
  36  3:34  Barracks  
  36  3:36  SCV  
  36  3:39  Factory Reactor  
  37  3:44  Marine  
  37  3:45  SCV  
  38  3:48  SCV  
  38  3:54  Orbital Command  
  39  3:59  Engineering Bay, SCV  
  39  4:01  Engineering Bay  
  39  4:02  SCV  
  41  4:11  SCV  
  41  4:12  Marine  
  41  4:14  SCV  
  44  4:19  Marine  
  44  4:22  Starport  
  44  4:23  SCV x2  
  47  4:25  Factory Reactor  
  47  4:26  Refinery  
  47  4:28  Refinery  
  47  4:29  Terran Infantry Armor Level 1  
  47  4:31  Refinery  
  47  4:32  SCV  
  47  4:35  Terran Infantry Weapons Level 1  
  47  4:36  Marine  
  47  4:37  Orbital Command  
  49  4:38  Marine  
  49  4:39  Marine x2  
  49  4:40  Marine  
  53  4:46  Supply Depot, SCV  
  54  4:53  Barracks  
  54  4:54  Marine  
  54  4:56  Barracks, Marine  
  54  4:58  SCV  
  57  5:02  SCV  
  57  5:06  SCV  
  59  5:09  Supply Depot, Factory Reactor, Medivac  
  59  5:10  Medivac  
  59  5:12  Marine  
  59  5:13  Marine  
  65  5:15  Marine x2  
  65  5:18  SCV  
  65  5:20  SCV  
  69  5:28  Supply Depot  
  69  5:29  Combat Shields  
  69  5:30  Marine  
  69  5:31  SCV x2  
  69  5:33  Supply Depot, Marine  
  73  5:38  SCV  
  73  5:39  Marine x2  
  76  5:43  SCV  
  76  5:44  Barracks Reactor  
  76  5:45  Barracks Reactor  
  76  5:49  SCV, Medivac, Marine  
  81  5:51  Supply Depot  
  81  5:53  SCV  
  81  5:55  SCV  
  81  5:56  Armory  
  83  5:58  Supply Depot  
  83  5:59  Marine x2  
  83  6:01  SCV  
  86  6:05  SCV  
  86  6:07  SCV  
  86  6:09  Refinery  
  88  6:13  SCV  
  88  6:14  Widow Mine, Barracks  
  88  6:15  Widow Mine  
  88  6:18  SCV  
  94  6:22  Barracks, Marine x2  
  94  6:23  Supply Depot  
  94  6:25  Medivac  
  98  6:27  Medivac  
  98  6:29  SCV  
  98  6:30  SCV  
  98  6:31  SCV  
  103  6:34  Marauder, Marine  
  106  6:41  SCV  
  106  6:42  SCV, Marine  
  106  6:44  Supply Depot, Marine  
  106  6:45  SCV  
  111  6:49  Supply Depot  
  111  6:51  Terran Infantry Weapons Level 2  
  111  6:53  Factory Tech Lab  
  111  6:59  Terran Infantry Armor Level 2  
  110  7:05  Marine x4  
  110  7:06  Marauder  
  110  7:07  SCV  
  114  7:11  Barracks Tech Lab, Marine x3  
  114  7:13  SCV  
  117  7:16  Refinery  
  117  7:21  Barracks Tech Lab  
  117  7:22  Siege Tank, Medivac  
  122  7:23  SCV  
  122  7:27  Marauder, Medivac  
  127  7:32  Supply Depot x2  
  127  7:34  Supply Depot, SCV x2, Marine  
  127  7:35  Marauder  
  127  7:45  Marine x2  
  127  7:46  Marine x2  
  127  7:48  SCV x2  
  127  7:51  Factory, Terran Vehicle Weapons Level 1  
  131  7:52  Medivac  
  131  7:55  Siege Tank  
  131  7:57  Medivac  
  138  8:01  Marauder, Concussive Shells  
  138  8:02  Marauder  
  142  8:07  Marine  
  142  8:09  Command Center  
  142  8:11  SCV x2  
  142  8:12  SCV, Marine  
  144  8:13  Supply Depot, Marauder  
  144  8:15  Marine x2  
  144  8:19  Marine x2  
  149  8:23  Marauder  
  149  8:24  Marauder  
  149  8:27  Siege Tank  
  149  8:31  Marine  
  147  8:34  Marauder  
  147  8:37  Marine x4  
  147  8:39  SCV x2  
  147  8:40  Marine x2  
  144  8:44  Marauder, Marine  
  144  8:45  Marine  
  144  8:46  Medivac  
  148  8:49  Factory Tech Lab  
  148  8:51  Marine  
  148  8:52  Supply Depot  
  148  8:54  Marine  
  150  8:56  Barracks  
  150  8:59  Liberator, Siege Tank  
  153  9:04  Marine x4  
  153  9:05  Medivac  
  153  9:07  Marine x2  
  153  9:08  Marauder x2  
  165  9:14  Siege Tank  
  165  9:16  Supply Depot  
  171  9:17  Supply Depot  
  171  9:18  Liberator  
  171  9:23  Marine x3  
  170  9:28  Starport  
  170  9:33  Marine x3  
  170  9:34  Marauder  
  175  9:39  Marine  
  175  9:40  Marauder, Marine  
  175  9:42  Siege Tank  
  178  9:49  Terran Infantry Weapons Level 3  
  178  9:59  Marauder, Marine  
  170  10:01  Medivac  
  170  10:03  Siege Tank  
  170  10:05  Liberator  
  170  10:06  Marauder x2, Marine  
  180  10:08  Marine x3  
  183  10:14  Liberator  
  183  10:18  Medivac  
  183  10:21  Marauder  
  186  10:22  Marine x2  
  191  10:34  Liberator  
  194  10:42  Marauder x2, Marine x3  
  183  10:46  Siege Tank  
  183  10:49  Marine  
  175  10:50  Siege Tank, Marine  
  183  10:57  Orbital Command  
  183  10:58  Liberator, Refinery, Marine x2  
  183  10:59  Refinery  
  183  11:00  Marine x2, Command Center  
  183  11:01  Marine x2  
  183  11:02  Barracks  
  182  11:07  Marauder x2, Marine x2  
  170  11:16  Terran Ship Weapons Level 1  
  170  11:17  Marine  
  170  11:18  Siege Tank, Marine  
  178  11:22  Liberator  
  177  11:27  Liberator  
  168  11:34  Marine x5  
  167  11:47  Liberator  
  169  11:49  Siege Tank  
  169  11:50  Marine x2  
  169  11:51  Marauder, Marine x3  
  179  12:01  Marine  
  179  12:02  Marauder x2  
  179  12:06  Liberator  
  180  12:10  Liberator  
  159  12:16  Marine  
  159  12:17  Marauder  
  153  12:23  Marauder, Marine x3  
  153  12:25  Marauder, Marine  
  153  12:27  Marine x4  
  153  12:29  Liberator, Barracks  
  169  12:30  Marine  
  169  12:31  Marine  
  169  12:34  Marine  
  172  12:37  Command Center  
  172  12:38  Marauder  
  172  12:40  Marine  
  172  12:42  Marine x3  
  175  12:45  Marauder, Marine x2  
  175  12:46  Marauder  
  184  12:59  Marine  
  184  13:00  Marauder  
  184  13:01  Refinery, Marine x2  
  184  13:05  Refinery  
  182  13:06  Marauder, Marine x5  
  182  13:08  Marauder  
Show
View Real Time Build Order
Export as new Build Order

Snute Zerg 

Build Orders: Hatch First 

Get SALT Encoding   

  12  0:00  Drone  
  13  0:12  Overlord  
  13  0:17  Drone  
  14  0:30  Drone x2  
  14  0:34  Drone  
  17  0:52  Hatchery  
  17  0:54  Drone  
  17  0:57  Drone  
  17  1:00  Extractor  
  17  1:13  Spawning Pool  
  17  1:16  Drone  
  17  1:19  Drone  
  18  1:28  Drone  
  19  1:38  Overlord  
  19  1:49  Drone  
  20  1:59  Queen  
  20  2:00  Metabolic Boost, Zergling x2  
  23  2:03  Queen  
  23  2:07  Zergling x2  
  26  2:11  Drone  
  26  2:15  Drone  
  28  2:22  Drone  
  29  2:25  Drone  
  30  2:33  Drone  
  31  2:40  Spore Crawler, Overlord  
  31  2:43  Queen  
  33  2:46  Spore Crawler  
  33  2:49  Drone x2  
  35  2:53  Drone  
  36  3:00  Zergling x2  
  37  3:07  Drone  
  37  3:08  Drone x3  
  37  3:10  Pneumatized Carapace  
  37  3:11  Drone  
  42  3:15  Drone, Overlord  
  42  3:16  Drone  
  44  3:30  Overlord  
  44  3:36  Hatchery  
  44  3:37  Drone  
  44  3:38  Drone x2  
  44  3:40  Extractor  
  44  3:41  Drone  
  47  3:50  Drone x2  
  47  3:51  Drone  
  47  3:53  Extractor, Drone x3  
  52  3:58  Roach Warren  
  52  4:01  Overlord  
  51  4:03  Drone  
  52  4:13  Overlord  
  52  4:18  Overlord  
  52  4:19  Evolution Chamber  
  52  4:20  Evolution Chamber  
  52  4:21  Drone x3  
  52  4:23  Drone, Lair  
  54  4:26  Extractor  
  54  4:27  Drone  
  54  4:28  Extractor, Drone x2  
  55  4:31  Drone  
  55  4:35  Drone  
  57  4:44  Zerg Ground Armor Level 1  
  57  4:48  Drone x2  
  57  4:49  Drone  
  57  4:52  Drone x3, Zerg Melee Weapons Level 1  
  63  4:57  Drone x3  
  63  4:59  Drone x2  
  68  5:02  Drone  
  68  5:08  Drone  
  68  5:09  Drone  
  68  5:11  Extractor, Drone  
  70  5:16  Drone, Extractor  
  70  5:21  Drone  
  70  5:22  Glial Reconstitution, Drone x3  
  70  5:24  Drone  
  70  5:26  Infestation Pit  
  70  5:28  Drone x5  
  78  5:29  Drone x2  
  81  5:35  Overlord  
  81  5:40  Overlord  
  81  5:41  Overlord  
  81  5:45  Overlord  
  81  5:52  Hatchery, Roach  
  81  5:55  Roach  
  84  5:57  Roach x2  
  84  5:58  Roach  
  84  5:59  Roach x4  
  84  6:03  Pathogen Glands  
  98  6:05  Roach  
  98  6:06  Roach  
  102  6:13  Ravager  
  102  6:15  Ravager  
  102  6:16  Roach  
  102  6:17  Roach x4  
  114  6:21  Overlord x2  
  114  6:24  Overlord  
  114  6:42  Infestor x2  
  114  6:44  Zergling x12  
  114  6:45  Zerg Ground Armor Level 2  
  124  6:47  Zerg Melee Weapons Level 2  
  124  6:49  Hatchery, Zergling x2  
  124  6:52  Queen  
  124  6:53  Queen  
  128  6:55  Infestor  
  125  7:12  Infestor  
  125  7:13  Zergling x2  
  125  7:14  Zergling x22  
  138  7:18  Overlord  
  138  7:21  Overlord  
  138  7:22  Hatchery  
  138  7:27  Overlord x2  
  135  7:34  Spore Crawler  
  133  7:38  Hive  
  126  7:45  Spore Crawler, Drone x5  
  126  7:46  Drone x2  
  126  7:50  Drone  
  133  7:52  Ravager x2  
  133  7:53  Ravager x2  
  133  7:55  Drone x3  
  140  7:59  Drone x2  
  140  8:01  Drone x2  
  140  8:03  Extractor  
  143  8:06  Extractor  
  142  8:13  Ravager x3  
  142  8:14  Overlord, Ravager x2  
  142  8:15  Zergling x10  
  142  8:17  Ravager x4  
  131  8:34  Infestor x2  
  131  8:36  Zergling x2  
  131  8:37  Zergling x22  
  144  8:45  Roach x3  
  138  8:54  Ultralisk Cavern  
  137  9:02  Roach x10  
  157  9:09  Hatchery  
  156  9:10  Ravager  
  156  9:11  Zergling x6  
  160  9:23  Hatchery  
  154  9:24  Zergling x4  
  154  9:25  Zergling x10  
  161  9:41  Zergling x18  
  161  9:43  Chitinous Plating  
  161  9:44  Queen  
  149  10:00  Ultralisk x3  
  149  10:05  Ultralisk  
  172  10:10  Zergling x2  
  172  10:11  Zergling x4  
  171  10:28  Ultralisk  
  154  10:49  Zergling x40  
  147  10:58  Zergling x6  
  140  11:08  Zergling x2  
  140  11:09  Hatchery, Zergling x4  
  125  11:19  Infestor x4  
  125  11:20  Infestor  
  125  11:25  Ravager x3  
  138  11:27  Hatchery  
  137  11:33  Zergling x2  
  137  11:34  Zergling x8  
  140  11:44  Hatchery  
  139  11:47  Zergling x2  
  139  11:48  Zergling x10  
  139  11:49  Queen  
  139  11:53  Extractor, Ultralisk  
  118  12:10  Ultralisk  
  118  12:13  Zergling x2  
  118  12:14  Zergling x14  
  92  12:30  Ultralisk  
  98  12:47  Ultralisk  
  98  12:50  Roach  
  96  13:08  Zergling x14  
  98  13:13  Ravager  
  98  13:14  Zergling x6  
Tags
 
Add a new tag
Caveats
  • Supply blocks, unpowered buildings, or Contaminate may cause inaccurate times.
  • Supply counts are checked every 10 seconds.